 Dungeon Crawl Stone Soup version 0.18.1-48-g4cf74bf (webtiles) character file.

3032 Mesmaeker13 the Destroyer (level 9, -10/59 HPs)
             Began as a High Elf Conjurer on Sept 9, 2016.
             Was an Initiate of Vehumet.
             Mangled by a wyvern (13 damage)
             ... on level 8 of the Dungeon.
             The game lasted 00:28:38 (10182 turns).

Mesmaeker13 the Destroyer (High Elf Conjurer)      Turns: 10182, Time: 00:28:39

Health: -10/59     AC:  5    Str: 10    XL:     9   Next: 56%
Magic:  4/18       EV: 21    Int: 18    God:    Vehumet [......]
Gold:   405        SH:  0    Dex: 18    Spells: 5 memorised, 3 levels left

rFire  . . .     SeeInvis .     s - +3 falchion (slice)
rCold  . . .     Gourm    .     a - +0 robe
rNeg   . . .     Faith    .     (no shield)
rPois  .         Spirit   .     (no helmet)
rElec  .         Dismiss  +     k - +1 cloak
rCorr  .         Reflect  .     (no gloves)
SustAt .         Harm     .     A - +0 pair of boots
MR     .....                    j - amulet of dismissal
Stlth  +++.......               z - ring of stealth
                                i - +3 ring of evasion

@: not resistant to hostile enchantments, fairly stealthy
A: no striking features
a: Renounce Religion


You were on level 8 of the Dungeon.
You worshipped Vehumet.
Vehumet was noncommittal.
You were hungry.

You visited 2 branches of the dungeon, and saw 9 of its levels.
You also visited: Sewer.

You collected 405 gold pieces.

Inventory:

Hand Weapons
 d - a +1 dagger of venom
 h - a +3 dagger of flaming
 m - a +0 blowgun
 s - a +3 falchion of slicing (weapon)
Missiles
 o - 64 poisoned needles
Armour
 a - a +0 robe (worn)
 k - a +1 cloak (worn)
 r - a fire dragon hide
 A - a +0 pair of boots (worn)
 B - a +2 ring mail of cold resistance
Magical Staves
 w - an uncursed staff of poison
Jewellery
 i - a +3 ring of evasion (left hand)
 j - an amulet of dismissal (around neck)
 z - a ring of stealth (right hand)
Wands
 H - a wand of paralysis (8/24)
Scrolls
 l - a scroll of recharging {unknown}
 q - 3 scrolls of teleportation
 t - 2 scrolls of fog {unknown}
 v - a scroll of remove curse
 x - 2 scrolls of noise {unknown}
 y - 3 scrolls of magic mapping {unknown}
 F - 2 scrolls of amnesia {unknown}
 G - a scroll of random uselessness {unknown}
Potions
 e - 2 potions of brilliance {unknown}
 f - 4 potions of curing {unknown}
 n - a potion of degeneration {unknown}
 p - a potion of mutation {unknown}
 D - a potion of lignification {unknown}
 E - a potion of ambrosia {unknown}
Books
 b - a book of Conjurations

   Spells                             Type                      Level
   a - Magic Dart                     Conjuration                  1
   b - Searing Ray                    Conjuration                  2
   c - Dazzling Spray                 Conjuration/Hexes            3
   d - Fulminant Prism                Conjuration/Hexes            4
   e - Iskenderun's Mystic Blast      Conjuration                  4
   f - Iskenderun's Battlesphere      Conjuration/Charms           5
 u - a book of Frost

   Spells                             Type                      Level
   a - Freeze                         Ice                          1
   b - Throw Frost                    Conjuration/Ice              2
   c - Ozocubu's Armour               Charms/Ice                   3
   d - Throw Icicle                   Conjuration/Ice              4
   e - Summon Ice Beast               Ice/Summoning                4
Comestibles
 c - 4 bread rations
 g - 4 meat rations
 C - 2 beef jerkies


   Skills:
 - Level 4.3 Fighting
 - Level 8.0 Dodging
 - Level 2.1 Stealth
 + Level 5.3 Spellcasting
 + Level 9.1 Conjurations
 - Level 4.0 Hexes
 + Level 5.0 Charms


You had 3 spell levels left.
You knew the following spells:

 Your Spells              Type           Power        Failure   Level  Hunger
a - Magic Dart            Conj           ####         1%          1    None
b - Searing Ray           Conj           #####.       1%          2    #......
c - Dazzling Spray        Conj/Hex       ####..       2%          3    ##.....
d - Iskenderun's Mystic   Conj           #####...     3%          4    ####...
e - Iskenderun's Battles  Conj/Chrm      ####....     24%         5    ######.


Dungeon Overview and Level Annotations

Branches:
Dungeon (8/15)             Temple (1/1) D:6            Lair (0/8) D:8

Altars:
Ashenzari
Cheibriados
Dithmenos
Elyvilon
Gozag
Kikubaaqudgha
Makhleb
Nemelex Xobeh
Okawaru
Pakellas
Qazlal
Ru
Sif Muna
Trog
Vehumet
Xom
Yredelemnul
Zin
The Shining One


Message History

The wyvern closely misses you.
Casting: Searing Ray
Confirm with . or Enter, or press ? or * to list all spells.
Aiming: Searing Ray
Press: ? - help, Shift-Dir - straight line, f/p - wyvern
Aim: a wyvern (severely wounded)
The searing ray hits the wyvern.
The wyvern is severely wounded.
The wyvern completely misses you. The wyvern misses you.
The searing ray hits the wyvern.
The wyvern is severely wounded.
The wyvern bites you!
The searing ray hits the wyvern.
The wyvern is severely wounded.
The wyvern bites you! The wyvern bites you.
The searing ray misses the wyvern.
The wyvern bites you! The wyvern bites you!
* * * LOW HITPOINT WARNING * * *
The wyvern bites you!
You die...

.≈≈≈≈≈. #######...
≈≈≈≈≈...# #.........
≈≈≈≈≈≈.... #.#####.##
≈.≈.≈≈≈≈.# #.# ....≈≈≈..#
#.# .>.≈.≈≈..# #.#
.....≈...####.#####.####
..≈.≈≈≈...)...l@>.......
≈...≈≈≈..####.#####.###.
;..≈≈≈...####.## #. .#
≈.≈≈≈≈...##....## #.# .#
≈.≈≈≈Z≈..##.#.#.# #.# .# .
≈:≈≈≈≈≈..##.##.## #.###.##
.. ≈.≈.≈≈≈≈.##.##.#
#.##...##.#..
≈.≈.≈≈...##)##.#
#.##.#.......
≈...≈....##.##.####.##...#


You could see a wyvern.

Vanquished Creatures
  A troll (D:8)
  Grinder (D:4)
  Sigmund (D:5)
  Menkaure (D:5)
  2 orc warriors (D:6)
  2 phantoms
  A sky beast (D:7)
  2 ogres
  A wolf (D:8)
  A centaur (D:8)
  A crocodile (Sewer)
  2 giant frogs
  A wyvern zombie (D:7)
  A scorpion (D:4)
  2 howler monkeys
  3 electric eels (D:8)
  A crimson imp (D:8)
  8 hounds
  A giant frog skeleton (D:4)
  5 orc priests
  2 iguanas
  6 orc wizards
  4 worker ants
  A hound skeleton (D:4)
  14 adders
  3 giant geckos
  34 orcs
  2 ball pythons (D:1)
  4 giant cockroaches
  9 goblins
  8 hobgoblins
  10 jackals
  10 kobolds
  6 quokkas
  A ball python skeleton (D:4)
  6 bats
  A giant gecko zombie (D:8)
  7 giant newts
  2 jackal skeletons (D:4)
  A quokka zombie (D:6)
  7 rats
176 creatures vanquished.

Vanquished Creatures (others)
  2 gnolls (D:8)
2 creatures vanquished.

Grand Total: 178 creatures vanquished

Notes
Turn   | Place    | Note
--------------------------------------------------------------
     0 | D:1      | Mesmaeker13 the High Elf Conjurer began the quest for the Orb.
     0 | D:1      | Reached XP level 1. HP: 11/11 MP: 4/4
   976 | D:1      | Reached XP level 2. HP: 17/17 MP: 0/7
  1536 | D:1      | Reached XP level 3. HP: 6/21 MP: 5/8
  1907 | D:2      | Learned a level 2 spell: Searing Ray
  2003 | D:2      | Reached skill level 5 in Conjurations
  2706 | D:3      | Reached XP level 4. HP: 27/27 MP: 7/10
  2711 | D:3      | Learned a level 3 spell: Dazzling Spray
  3328 | D:4      | Reached skill level 1 in Hexes
  3389 | D:4      | Noticed a phantom
  3502 | D:4      | Found a snail-covered altar of Cheibriados.
  3689 | D:4      | Reached XP level 5. HP: 30/31 MP: 3/11
  3790 | D:4      | Found a glowing drain.
  3801 | Sewer    | Entered a sewer
  4024 | Sewer    | Noticed a crocodile
  4034 | Sewer    | Killed a crocodile
  4257 | D:4      | Learned a level 4 spell: Iskenderun's Mystic Blast
  4305 | D:4      | Killed a phantom
  4305 | D:4      | Reached XP level 6. HP: 36/36 MP: 3/13
  4589 | D:4      | Reached skill level 6 in Conjurations
  5079 | D:4      | Reached XP level 7. HP: 39/41 MP: 14/14
  5261 | D:4      | Reached skill level 5 in Dodging
  5373 | D:5      | Entered Level 5 of the Dungeon
  5373 | D:5      | Noticed Grinder
  5390 | D:4      | Killed Grinder
  5590 | D:5      | Found a shadowy altar of Dithmenos.
  5978 | D:5      | Noticed Menkaure
  5979 | D:5      | Found a snail-covered altar of Cheibriados.
  5984 | D:5      | Killed Menkaure
  5984 | D:5      | Reached skill level 1 in Fighting
  5984 | D:5      | Reached skill level 7 in Conjurations
  6233 | D:5      | Noticed Sigmund
  6250 | D:5      | Killed Sigmund
  6250 | D:5      | Reached XP level 8. HP: 43/51 MP: 7/15
  6696 | D:5      | Learned a level 5 spell: Iskenderun's Battlesphere
  7175 | D:6      | Found a staircase to the Ecumenical Temple.
  7217 | D:6      | Reached skill level 1 in Charms
  7478 | D:6      | Reached skill level 8 in Conjurations
  8869 | D:7      | Reached XP level 9. HP: 58/58 MP: 11/16
  8946 | Temple   | Entered the Ecumenical Temple
  9033 | Temple   | Became a worshipper of Vehumet
  9159 | D:8      | Noticed a troll
  9189 | D:8      | Killed a troll
  9262 | D:8      | Reached skill level 5 in Spellcasting
 10046 | D:8      | Reached skill level 9 in Conjurations
 10046 | D:8      | Reached skill level 5 in Charms
 10156 | D:8      | Found a staircase to the Lair.
 10182 | D:8      | Mangled by a wyvern

Skill      XL: |  1  2  3  4  5  6  7  8  9 |
---------------+----------------------------+-----
Spellcasting   | 3 4 5 |  5.3
Conjurations   | 5 6 7 8 9 |  9.1
Dodging        | 3 4 6 7 8 |  8.0
Hexes          | 1 2 3 4 |  4.0
Fighting       | 2 4 |  4.3
Charms         | 3 5 |  5.0
Stealth        | |  2.1

Action                   |  1- 3 |  4- 6 |  7- 9 || total
-------------------------+-------+-------+-------++-------
Melee: Spear             |    28 |       |       ||    28
       Short sword       |    37 |     7 |       ||    44
       Falchion          |       |    47 |   117 ||   164
 Fire: Blowgun           |       |       |     5 ||     5
 Cast: Magic Dart        |    49 |    60 |   112 ||   221
       Searing Ray       |       |    11 |    41 ||    52
       Iskenderun's Myst |       |       |     2 ||     2
       Dazzling Spray    |       |       |    14 ||    14
  Use: Scroll            |       |     8 |       ||     8
 Stab: Sleeping          |     6 |     2 |     1 ||     9
       Invisible         |       |       |     4 ||     4
  Eat: Chunk             |     5 |     7 |    17 ||    29
       Pizza             |       |       |     1 ||     1
Armor: Robe              |    10 |    16 |    17 ||    43
Dodge: Dodged            |    47 |    67 |   226 ||   340
